 Dungeon Crawl Stone Soup version 0.27.1-33-g824d729ab1 (webtiles) character file.

Game seed: 3626456061242897273

16806 MisterFreud the Blocker (level 12, -9/106 HPs)
             Began as a Hill Orc Fighter on Dec 12, 2021.
             Was an Elder of Sif Muna.
             Mangled by Snorg (18 damage)
             ... on level 11 of the Dungeon.
             The game lasted 00:20:44 (11965 turns).

MisterFreud the Blocker (Hill Orc Fighter)         Turns: 11965, Time: 00:20:45

Health: -9/106     AC:  6    Str: 21    XL:     12   Next: 41%
Magic:  12/12      EV: 11    Int: 11    God:    Sif Muna [****..]
Gold:   554        SH: 13    Dex: 10    Spells: 9/11 levels left

rFire    . . .     SeeInvis +   a - +0 war axe
rCold    . . .     Faith    .   c - +0 kite shield
rNeg     . . .     Spirit   .   e - +0 troll leather armour
rPois    +         Reflect  .   (no helmet)
rElec    .         Harm     .   F - +0 cloak
rCorr    .         Rampage  .   m - +0 pair of gloves
Will     .....                  (no boots)
Stlth    +.........             (no amulet)
HPRegen  1.27/turn              E - ring of see invisible
MPRegen  0.13/turn              p - ring of poison resistance

@: no status effects
A: no striking features
a: Renounce Religion, Channel Magic, Forget Spell, Divine Exegesis


You were on level 11 of the Dungeon.
You worshipped Sif Muna.
Sif Muna was greatly pleased with you.
You visited 1 branch of the dungeon, and saw 12 of its levels.
You visited the Abyss 1 time.
You also visited: Ice Cave.

You collected 690 gold pieces.
You spent 136 gold pieces at shops.

Inventory:

Hand Weapons
 a - a +0 war axe (weapon)
 j - a +1 vorpal battleaxe
Missiles
 b - a curare-tipped dart
 l - 6 silver javelins
 q - 5 javelins
 r - 8 boomerangs
 w - 47 poisoned darts (quivered)
 y - 2 throwing nets
Armour
 c - a +0 kite shield (worn)
 e - a +0 troll leather armour (worn)
 m - a +0 pair of gloves (worn)
 F - a +0 cloak (worn)
Jewellery
 f - a ring of wizardry
 p - a ring of poison resistance (right hand)
 C - a ring of protection from fire
 E - a ring of see invisible (left hand)
 I - a +6 ring of strength
Wands
 s - a wand of flame (21)
 t - a wand of paralysis (7)
Scrolls
 d - 3 scrolls of amnesia
 h - 7 scrolls of teleportation
 k - a scroll of magic mapping
 v - a scroll of holy word
 x - 2 scrolls of enchant armour
 G - a scroll of enchant weapon
 J - 2 scrolls of identify
 K - 2 scrolls of fog
 L - a scroll of vulnerability
Potions
 g - 11 potions of curing
 i - 3 potions of brilliance
 n - a potion of degeneration
 o - 3 potions of cancellation
 u - 2 potions of lignification
 z - 4 potions of attraction
 A - a potion of ambrosia
 B - 2 potions of haste
 D - 2 potions of flight
Miscellaneous
 H - a condenser vane (inert)
 M - a lightning rod (inert)


   Skills:
 - Level 10.0 Fighting
 - Level 14.0 Axes
 - Level 3.2 Armour
 + Level 14.5 Shields
 - Level 6.0 Evocations


You had 9 spell levels left.
You knew the following spells:

 Your Spells              Type           Power      Damage    Failure   Level
a - Blink                 Tloc           N/A        N/A       54%         2

Your spell library contained the following spells:

 Spells                   Type           Power      Damage    Failure   Level
 Magic Dart               Conj           0%         1d3       41%         1
 Call Imp                 Summ           0%         N/A       54%         2
 Corpse Rot               Necr/Air       N/A        N/A       54%         2
 Poisonous Vapours        Pois/Air       0%         N/A       54%         2
 Lesser Beckoning         Tloc           0%         N/A       78%         3
 Mephitic Cloud           Conj/Pois/Air  0%         N/A       78%         3
 Hailstorm                Conj/Ice       0%         3d3       99%         4
 Ice Form                 Ice/Tmut       0%         N/A       99%         4
 Summon Lightning Spire   Summ/Air       0%         N/A       99%         4
 Freezing Cloud           Conj/Ice/Air   0%         6-21      100%        5
 Manifold Assault         Tloc           0%         N/A       100%        5
 Simulacrum               Ice/Necr       0%         N/A       100%        6
 Storm Form               Tmut/Air       0%         N/A       100%        7
 Maxwell's Capacitive Co  Air            0%         ∞         100%        8


Dungeon Overview and Level Annotations

Branches:
Dungeon (12/15)            Temple (0/1) D:7            Lair (0/6) D:10
    Orc (0/2) D:10          IceCv (visited)

Altars:
Elyvilon
Hepliaklqana
Makhleb
Sif Muna
Xom

Shops:
D:12 ?

Annotations:
D:9 2 transporters, diceflayer's ghost, journeyman MiFi
D:10 3 runed translucent doors, exclusion: oklob plant, benappo's ghost, journeyman DjCj
D:11 Snorg
D:12 exclusion: orange crystal statue


Message History

Aiming: Thunderbolt
Press: ? - help, Shift-Dir - straight line, f/p - Snorg
Aim: Snorg (heavily wounded)
The thunderbolt hits Snorg!!
Snorg is almost dead.
The lightning rod overheats!
Snorg goes berserk!
Unknown command.
You slash Snorg!
Snorg is almost dead.
Snorg bites you but does no damage. Snorg claws you. Snorg closely misses you.
You block Snorg's attack. Snorg claws you! Snorg claws you.
You hit Snorg.
Snorg is almost dead.
You block Snorg's attack. x2; Snorg claws you.
You hit Snorg.
Snorg is almost dead.
You block Snorg's attack. x3
You hit Snorg.
Snorg is almost dead.
You block Snorg's attack. Snorg claws you! x2
You hit Snorg.
Snorg is almost dead.
Snorg bites you!!
* * * LOW HITPOINT WARNING * * *
You block Snorg's attack. Snorg claws you.
* * * LOW HITPOINT WARNING * * *
You slash Snorg!
Snorg is almost dead.
You block Snorg's attack. x3; Snorg closely misses you.
Snorg claws you but does no damage. Snorg claws you.
* * * LOW HITPOINT WARNING * * *
You completely miss Snorg.
Snorg is almost dead.
You block Snorg's attack. Snorg claws you!
* * * LOW HITPOINT WARNING * * *
Snorg closely misses you.
You closely miss Snorg.
Snorg is almost dead.
You block Snorg's attack. x2; Snorg claws you!!
You die...

..##..#######
..##..# ..##..##
.###...## #########
#.....#.####.?....>#
#.##.#.##.......##.#
#.##..###.#####.# .#
).........# #.##.#.#
#.##......# #.@T...#
# ######.# #.##.###
#.# #.# #.# .# ..#
#.. ..# .. ### #.##
#### ##. #.# .# .#
#.# #.# #.. #.# #.#
#D# #.# #.# #.#


You could see Snorg (berserk).

Vanquished Creatures
  2 boulder beetles
  A hydra (D:11)
  Erolcha (D:12)
  6 two-headed ogres
  2 deep elf pyromancers
  2 manticores
  A cyclops (D:12)
  3 trolls
  Grinder (D:4)
  2 wraiths
  2 vampires
  6 yaks
  A shadow (D:11)
  Eustachio (D:4)
  A basilisk (D:12)
  A steam dragon (D:8)
  Edmund (D:5)
  2 vampire mosquitoes (D:12)
  2 water moccasins
  2 orc warriors
  A hornet zombie (D:8)
  A sky beast (D:5)
  An ice beast (D:7)
  4 necrophages
  3 ogres
  9 centaurs
  3 kobold brigands
  A phantom (D:5)
  Blork the orc (D:4)
  A bullfrog (D:6)
  2 cane toad simulacra (IceCv)
  2 gnoll sergeants
  5 scorpions
  A wyvern skeleton (D:6)
  3 elephant simulacra (IceCv)
  11 killer bees
  2 water moccasin skeletons
  2 howler monkeys
  A lava snake (D:8)
  3 centaur zombies
  A jelly (D:6)
  4 orc priests
  2 hounds (D:6)
  5 iguanas
  6 orc wizards
  2 polar bear simulacra (IceCv)
  7 gnolls
  2 adders
  2 shadow imps
  16 white imps
  An ufetubus (D:5)
  A worm (D:2)
  3 dart slugs
  23 orcs
  2 ball pythons (D:1)
  8 bats
  7 endoplasms
  3 giant cockroaches
  8 goblins
  8 hobgoblins
  4 jackals (D:3)
  4 quokkas
  11 frilled lizards
  16 kobolds
  7 rats
  A spectral hobgoblin (D:6)
251 creatures vanquished.

Vanquished Creatures (others)
  An ugly thing (IceCv)
  A hobgoblin (D:3)
  4 plants (D:1)
6 creatures vanquished.

Grand Total: 257 creatures vanquished

Notes
Turn   | Place    | Note
-------+----------+-------------------------------------------
     0 | D:1      | MisterFreud the Hill Orc Fighter began the quest for the
                  | Orb.
     0 | D:1      | Reached XP level 1. HP: 19/19 MP: 1/1
    93 | D:1      | Reached XP level 2. HP: 23/26 MP: 2/2
   388 | D:1      | Reached XP level 3. HP: 31/31 MP: 3/3
   770 | D:1      | Reached skill level 5 in Axes
  1614 | D:2      | Reached XP level 4. HP: 39/39 MP: 4/4
  1851 | D:3      | Found a faded altar of an unknown god.
  1868 | D:3      | Became a worshipper of Sif Muna the Loreminder
  1868 | D:3      | Reached * piety under Sif Muna
  1942 | D:3      | Found a burning altar of Makhleb.
  1986 | D:3      | Found a shimmering altar of Xom.
  2035 | D:3      | Found a white marble altar of Elyvilon.
  2614 | D:4      | Reached XP level 5. HP: 45/45 MP: 5/5
  2802 | D:4      | Noticed Eustachio
  2822 | D:4      | Killed Eustachio
  2823 | D:4      | Reached XP level 6. HP: 52/55 MP: 6/6
  2839 | D:4      | Noticed Grinder
  2843 | D:4      | Paralysed by Grinder for 2 turns
  2879 | D:4      | Reached skill level 5 in Fighting
  2893 | D:4      | Killed Grinder
  2894 | D:4      | Reached skill level 5 in Shields
  2894 | D:4      | Reached XP level 7. HP: 12/61 MP: 7/7
  3483 | D:4      | Noticed Blork the orc
  3498 | D:4      | Killed Blork the orc
  3717 | D:4      | You fall into a shaft and drop 2 floors!
  3732 | D:5      | Entered Level 5 of the Dungeon
  3741 | D:5      | Reached XP level 8. HP: 10/68 MP: 8/8
  4812 | D:5      | Reached ** piety under Sif Muna
  4814 | D:5      | Reached skill level 10 in Axes
  5101 | D:5      | Reached XP level 9. HP: 22/74 MP: 9/9
  5642 | D:6      | Noticed Edmund
  5673 | D:5      | Killed Edmund
  6573 | D:6      | Found a hazy altar of Hepliaklqana.
  6615 | D:6      | Noticed a troll
  6627 | D:6      | Killed a troll
  7268 | D:7      | Reached skill level 10 in Shields
  7271 | D:7      | Learned a level 2 spell: Blink
  7580 | D:7      | Found a staircase to the Ecumenical Temple.
  7709 | D:8      | Reached XP level 10. HP: 74/81 MP: 10/10
  7757 | D:7      | Reached *** piety under Sif Muna
  7795 | D:8      | Noticed a boulder beetle
  8484 | D:9      | Noticed a two-headed ogre
  8497 | D:9      | Killed a two-headed ogre
  8726 | D:9      | Found a transporter.
  8739 | D:9      | Noticed a two-headed ogre
  8747 | D:9      | Killed a two-headed ogre
  8826 | D:9      | Found a transporter.
  8828 | D:9      | Noticed a catoblepas
  8829 | D:9      | Noticed diceflayer's ghost (journeyman MiFi)
  8829 | D:9      | Noticed a moth of wrath
  9205 | D:10     | Entered Level 10 of the Dungeon
  9224 | D:10     | Reached skill level 1 in Evocations
  9224 | D:10     | Reached XP level 11. HP: 70/95 MP: 11/11
  9274 | D:10     | Noticed a two-headed ogre
  9292 | D:10     | Killed a two-headed ogre
  9392 | D:10     | Reached **** piety under Sif Muna
  9473 | D:10     | Killed a boulder beetle
  9609 | D:10     | Found a staircase to the Lair.
  9609 | D:10     | Noticed an oklob plant
  9667 | D:10     | Found a staircase to the Orcish Mines.
  9736 | D:10     | Noticed benappo's ghost (journeyman DjCj)
  9745 | D:10     | Found a runed translucent gate.
  9745 | D:10     | Found a runed translucent gate.
  9745 | D:10     | Found a runed translucent gate.
  9805 | D:10     | Noticed a two-headed ogre
  9810 | D:10     | Killed a two-headed ogre
  9981 | D:11     | Noticed Snorg
  9989 | D:11     | HP: 4/99 [Snorg (12)]
 10090 | D:11     | Noticed a two-headed ogre
 10099 | D:11     | Killed a two-headed ogre
 10240 | D:11     | Noticed a manticore
 10261 | D:11     | Killed a manticore
 10262 | D:11     | Reached skill level 10 in Fighting
 10441 | D:11     | Noticed a six-headed hydra
 10519 | D:12     | Noticed a manticore
 10543 | D:12     | Killed a manticore
 10544 | D:12     | Reached skill level 5 in Evocations
 10808 | D:12     | Found Ydinius's Magic Scroll Emporium.
 10815 | D:12     | Bought a scroll of fog for 34 gold pieces
 10815 | D:12     | Bought a scroll of teleportation for 51 gold pieces
 10815 | D:12     | Bought a scroll of teleportation for 51 gold pieces
 10822 | D:12     | Noticed Erolcha
 10830 | D:12     | Cast into level 1 of the Abyss (Erolcha)
 10848 | D:12     | Escaped the Abyss
 10856 | D:12     | Killed Erolcha
 10978 | D:12     | Found a frozen archway.
 11015 | IceCv    | Entered an ice cave
 11061 | IceCv    | Noticed a white ugly thing
 11079 | IceCv    | Killed a red ugly thing
 11080 | IceCv    | Reached XP level 12. HP: 64/106 MP: 12/12
 11331 | D:12     | Noticed a boulder beetle
 11350 | D:12     | Killed a boulder beetle
 11705 | D:11     | Killed a 16-headed hydra
 11809 | D:11     | Noticed a two-headed ogre
 11826 | D:11     | Killed a two-headed ogre
 11965 | D:11     | Mangled by Snorg

Illustrated notes

Levels and vault maps discovered:
D:1:      lemuel_arrival_river_ford, layout_loops_cross, minmay_lizard_king
D:2:      layout_loops_ring, serial_forest, infiniplex_forest_lined_3_way,
          infiniplex_forest_end_double, infiniplex_forest_corner_1,
          infiniplex_forest_end_3, infiniplex_forest_end_2
D:3:      layout_basic, nicolae_overflow_crystal_walls, elyvilon_altar_4,
          mainiacjoe_overflow_catwalk, hellmonk_ecumenical_altar_crossroads
D:4:      layout_basic, chequers_hall_statues_wall_a, uniq_grinder,
          uniq_blork_the_orc, uniq_eustachio
D:5:      layout_cave_pools, feat_on_display
D:6:      hangedman_cross_stitches, layout_rooms,
          nicolae_hepliaklqana_monster_ancestors, uniq_edmund
D:7:      layout_cave_pools, minmay_temple_entry_nine_rooms, minivault_14
D:8:      layout_basic, grunt_decor_junction
D:9:      layout_small_grid, gammafunk_ghost_berserking_beasts
D:10:     layout_roguey, dpeg_oklobed_lair, orc_0_dummy, gammafunk_ghost_icy,
          eino_jars
D:11:     layout_loops_ring, uniq_snorg
D:12:     layout_stronghold, serial_shops, nicolae_square_shop,
          portal_ice_cave_entry_imps, minivault_16, uniq_erolcha

Skill      XL: |  1  2  3  4  5  6  7  8  9 10 11 12 |
---------------+-------------------------------------+-----
Axes           | 3 4 5 6 8 11 13 14 | 14.0
Fighting       | 4 5 8 10 | 10.0
Shields        | 5 7 8 10 11 13 14 | 14.5
Evocations     | 1 6 |  6.0
Armour         | |  3.2

Action                   |  1- 3 |  4- 6 |  7- 9 | 10-12 || total
-------------------------+-------+-------+-------+-------++-------
Melee: War axe           |   108 |    76 |   277 |   568 ||  1029
Throw: Javelin           |       |    12 |    14 |     9 ||    35
       Dart              |       |       |       |    37 ||    37
Evoke: Wand              |       |     4 |       |    18 ||    22
       Condenser vane    |       |       |       |     1 ||     1
       Lightning rod     |       |       |       |     4 ||     4
  Use: Scroll            |       |     1 |    10 |    11 ||    22
       Potion            |       |       |     2 |     2 ||     4
 Stab: Paralysed         |       |       |       |    14 ||    14
       Confused          |       |       |       |     2 ||     2
       Invisible         |       |       |       |     2 ||     2
Armor: Scale mail        |    41 |    41 |    71 |       ||   153
       Troll leather arm |       |       |    13 |    98 ||   111
       Skin              |       |       |       |    19 ||    19
Dodge: Dodged            |    32 |    49 |   102 |   161 ||   344
Block: Kite shield       |    55 |    50 |   172 |   356 ||   633
